 Dungeon Crawl Stone Soup version 0.27-a0-836-gfc908b8576 (webtiles) character file.

Game seed: 17470783619107011366

2 Alvadar the Chiller (level 1, -4/14 HPs)
             Began as a Demigod Ice Elementalist on Mar 31, 2021.
             Slain by a gnoll
             ... wielding a +3 club
              (10 damage)
             ... on level 1 of the Dungeon.
             The game lasted 00:00:20 (100 turns).

Alvadar the Chiller (Demigod Ice Elementalist)       Turns: 100, Time: 00:00:21

Health: -4/14      AC:  2    Str:  9    XL:     1   Next: 20%
Magic:  2/5        EV: 12    Int: 17    God:
Gold:   0          SH:  0    Dex: 14    Spells: 2/3 levels left

rFire    . . .     SeeInvis .   (no weapon)
rCold    . . .     Faith    .   (no shield)
rNeg     . . .     Spirit   .   a - +0 robe
rPois    .         Reflect  .   (no helmet)
rElec    .         Harm     .   (no cloak)
rCorr    .         Rampage  .   (no gloves)
Will     .....                  (no boots)
Stlth    ++........             (no amulet)
HPRegen  0.04/turn              (no ring)
MPRegen  0.09/turn              (no ring)

@: no status effects
A: high mp 1, forlorn
a: no special abilities


You were on level 1 of the Dungeon.
You visited 1 branch of the dungeon, and saw 1 of its levels.

Inventory:

Armour
 a - a +0 robe (worn)
Potions
 b - a potion of degeneration {unknown}


   Skills:
 + Level 0.1 Fighting
 - Level 1.7 Dodging
 - Level 1.7 Stealth
 + Level 1.8 Spellcasting
 + Level 3.6 Ice Magic


You had 2 spell levels left.
You knew the following spells:

 Your Spells              Type           Power      Damage    Failure   Level
a - Freeze                Ice            52%        1d7       4%          1

Your spell library contained the following spells:

 Spells                   Type           Power      Damage    Failure   Level
 Frozen Ramparts          Ice            26%        1d4       13%         3
 Ozocubu's Armour         Ice            13%        N/A       13%         3
 Hailstorm                Conj/Ice       7%         3d4       67%         4
 Summon Ice Beast         Ice/Summ       7%         N/A       67%         4


Dungeon Overview and Level Annotations

Branches:
Dungeon (1/15)


Innate Abilities, Weirdness & Mutations

Your attributes grow dramatically as you level up.
You have an increased reservoir of magic. (+10% MP)
You shall have no god before yourself.


Message History

You kill the rat!
The endoplasm quivers.
Found 13 poisoned darts.
The endoplasm freezes you.
You are frozen.
You freeze the endoplasm.
The endoplasm is severely wounded.
The endoplasm freezes you.
You are frozen.
You freeze the endoplasm.
You kill the endoplasm!
HP restored.
Magic restored.
Found two stone staircases leading down.
b - a fizzy blue potion
There is a stone staircase leading down here.
A gnoll comes into view. It is wielding a +3 club.
The gnoll shouts!
A gnoll is nearby!
A gnoll is nearby!
A gnoll is nearby!
Press: ? - help, v - describe, . - travel
Here: a gnoll, wielding a +3 club The floor.
Unknown command.
You freeze the gnoll.
The gnoll is moderately wounded.
The gnoll misses you.
You freeze the gnoll.
The gnoll is heavily wounded.
The gnoll hits you with a +3 club!
Ouch! That really hurt!
Aiming: Freeze (safe; 4% risk of failure)
Press: ? - help, Q - select action Shift-Dir - straight line, f/p - gnoll
Aim: a gnoll, wielding a +3 club (heavily wounded)
You freeze the gnoll.
The gnoll is almost dead.
The gnoll hits you with a +3 club!
Ouch! That really hurt!
You die...

.....#.####### .#
.†............ ..
.....#.###########.#####
#..................#...#
#.####.########.. ......
#.# #.# #.##P.P. #
..####.########...P.♣P..
................#....♣
...........>>...@g..PP
#####.#.##.#########...♣
#.#.##.# . #.#.##.#
#.#.##.# ....##.#
....##.# .. #.# #.#


You could see a gnoll.

Vanquished Creatures
  An endoplasm (D:1)
  A rat (D:1)
2 creatures vanquished.

Notes
Turn   | Place    | Note
-------+----------+-------------------------------------------
     0 | D:1      | Alvadar the Demigod Ice Elementalist began the quest for
                  | the Orb.
     0 | D:1      | Reached XP level 1. HP: 14/14 MP: 5/5
   100 | D:1      | Slain by a gnoll

Illustrated notes

Levels and vault maps discovered:
D:1:      psy_arrival_radial02, layout_loops_ring, serial_forest,
          infiniplex_forest_clump_cross, infiniplex_forest_lined_room_2,
          infiniplex_forest_clump_diagonal, infiniplex_forest_fountain,
          infiniplex_forest_end_2, infiniplex_forest_diagonal

Action                   || total
-------------------------++-------
 Cast: Freeze            ||     6
Dodge: Dodged            ||     1

Table legend: (Time is in decaauts)
 A = Elapsed time spent in this place.
 B = Non-inter-level travel time spent in this place.
 C = Inter-level travel time spent in this place.
 D = Time resting spent in this place.
 E = Time spent auto-exploring this place.
 F = Levels seen in this place.
 G = Mean time per level.
                   A        B        C        D        E       F      G
               +--------+--------+--------+--------+--------+-----+--------+
         Total |    100 |    100 |      0 |      0 |     82 |   1 |  100.0 |
       Dungeon |    100 |    100 |      0 |      0 |     82 |   1 |  100.0 |
               +--------+--------+--------+--------+--------+-----+--------+

Top non-repeatable levels by time:
     D:1: 100 daAuts
